 Dungeon Crawl Stone Soup version 0.16-a0-3467-gfe061fe (console) character file.

7 Roderic the Ducker (level 1, -1/9 HPs)
             Began as a Spriggan Transmuter on Jan 2, 2015.
             Slain by a kobold
             ... wielding a +0 whip
              (4 damage)
             ... on level 1 of the Dungeon.
             The game lasted 00:00:53 (406 turns).

Roderic the Ducker (Spriggan Transmuter)             Turns: 406, Time: 00:00:53

Health: -1/9       AC:  2    Str:  6    XL:     1   Next: 83%
Magic:  2/4        EV: 18    Int: 14    God:
Gold:   15         SH:  0    Dex: 16    Spells: 1 memorised, 4 levels left

rFire  . . .     SeeInvis +       - Unarmed
rCold  . . .     Clarity  .     c - +0 robe
rNeg   . . .     SustAb   .     (shield restricted)
rPois  .         Gourm    .     (helmet restricted)
rElec  .         Spirit   .     (no cloak)
rCorr  .         Warding  .     (gloves unavailable)
rMut   .         Stasis   .     (boots unavailable)
MR     .....                    (no amulet)
Stlth  ++........               (no ring)
                                (no ring)

@: appendage, very slightly contaminated, very quick, not resistant to hostile
enchantments, unstealthy
A: unfitting armour, talons 3, see invisible, herbivore 3, speed 3, slow
metabolism 2
a: End Transformation


You were on level 1 of the Dungeon.
You were not hungry.
You had grown temporary talons.
You visited 1 branch of the dungeon, and saw 1 of its levels.

You collected 15 gold pieces.

Inventory:

Hand weapons
 f - a +0 hunting sling
Missiles
 b - 12 arrows
Armour
 c - a +0 robe (worn)
Scrolls
 e - 2 scrolls of remove curse {unknown}
 g - a scroll of identify {unknown}
 i - 2 scrolls of immolation {unknown}
 j - a scroll of teleportation {unknown}
Potions
 h - a potion of curing {unknown}
 k - a potion of haste {unknown}
 l - 2 potions of decay {unknown}
Books
 d - a book of Changes

   Spells                             Type                      Level
   a - Beastly Appendage              Transmutation                1
   b - Sticks to Snakes               Transmutation                2
   c - Spider Form                    Transmutation/Poison         3
   d - Ice Form                       Ice/Transmutation            4
   e - Blade Hands                    Transmutation                5
Comestibles
 a - a bread ration


   Skills:
 + Level 0.7 Fighting
 + Level 3.3 Dodging
 + Level 0.4 Stealth
 + Level 2.6 Unarmed Combat
 + Level 2.7 Spellcasting
 + Level 2.8 Transmutations


You had 4 spell levels left.
You knew the following spells:

 Your Spells              Type           Power        Failure   Level  Hunger
a - Beastly Appendage     Trmt           #.....       10%         1    #......


Dungeon Overview and Level Annotations

Branches:
Dungeon (1/15)

Altars:


Innate Abilities, Weirdness & Mutations

You are tiny and cannot use many weapons and most armour.
You have supernaturally acute eyesight.
You are a herbivore.
You cover ground extremely quickly.
You need consume almost no food.
You have claws for feet.


Message History

The kobold throws a stone.
The stone misses you.
You see here a stone.
Casting: Beastly Appendage
Confirm with . or Enter, or press ? or * to list all spells.
You miscast Beastly Appendage.
You are very lightly contaminated with residual magic.
Nothing appears to happen.
The kobold throws a stone.
The stone misses you.
The giant newt hisses menacingly.
Casting: Beastly Appendage
Confirm with . or Enter, or press ? or * to list all spells.
You extend your transformation's duration.
The giant newt completely misses you.
You closely miss the giant newt. The kobold completely misses you.
The giant newt closely misses you.
You barely miss the kobold. Your kick misses the kobold.
The kobold hits you with a whip. The giant newt closely misses you.
You hit the kobold but do no damage. Your kick misses the kobold.
The kobold hits you with a whip. The giant newt closely misses you.
You closely miss the kobold. The kobold hits you with a whip.
You die...

▒▒▒▒▒▒▒▒▒▒▒▒▒▒▒
▒......)......
▒.▒.▒▒▒▒▒▒▒▒K▒ .
▒▒▒▒.▒.▒ ▒▒▒@▒▒.....
▒......▒ ▒.(.l..▒
▒.▒▒.▒▒▒▒▒▒▒▒.▒▒▒..▒
▒.▒▒....€.....▒
.....
▒.▒▒.▒▒▒▒.▒▒▒.▒ ▒▒▒▒
▒▒.▒▒.▒ ▒.▒ ▒...
......▒▒▒▒.▒ ▒▒▒.▒
▒▒.▒.......▒▒ .▒
▒............. ▒


You could see a kobold and a giant newt.

Vanquished Creatures
  A giant cockroach (D:1)
  A bat (D:1)
  A giant newt (D:1)
  3 kobolds (D:1)
  A rat (D:1)
  A toadstool (D:1)
8 creatures vanquished.

Vanquished Creatures (others)
  4 toadstools (D:1)
4 creatures vanquished.

Grand Total: 12 creatures vanquished

Notes
Turn   | Place    | Note
--------------------------------------------------------------
     0 | D:1      | Roderic, the Spriggan Transmuter, began the quest for the Orb.
     0 | D:1      | Reached XP level 1. HP: 9/9 MP: 4/4
   406 | D:1      | Slain by a kobold

Action                   || total
-------------------------++-------
Melee: Unarmed           ||    31
 Cast: Beastly Appendage ||     6
 Stab: Sleeping          ||     1
